[Event "BIH-chT Premier League 2019"]
[Site "Tuzla"]
[Date "2019.06.15"]
[Round "8.8"]
[White "Djukic, Nikola"]
[Black "Cvitan, Ognjen"]
[Result "1/2-1/2"]
[ECO "B78"]
[WhiteElo "2547"]
[BlackElo "2490"]
[Annotator "ChessBase"]
[PlyCount "81"]
[EventDate "2019.06.08"]
[EventType "team-tourn"]
[EventCountry "BIH"]
[SourceTitle "playchess.com"]
[Source "ChessBase"]
[SourceQuality "1"]
[TimeControl "40/5400+30:900+30"]

1. e4 c5 2. Nf3 d6 3. d4 cxd4 4. Nxd4 Nf6 5. Nc3 g6 6. Be3 Bg7 7. f3 Nc6 8. Qd2 O-O 9. Bc4 Bd7 10. h4 Ne5 11. Bb3 h5 12. O-O-O Rc8 13. Bg5 Rc5 14. Kb1 Re8 15. Bh6 Nc4 16. Bxc4 Rxc4 17. Bxg7 Kxg7 18. Nd5 Nxd5 19. exd5 a5 20. g4 Rh8 21. b3 Rc5 22. Ne2 Kg8 23. Ng3 f6 24. gxh5 gxh5 25. Rhg1 Kf7 26. Ne4 Rc8 27. Qd3 Kf8 28. Ng3 Qc7 29. Ne2 Ke8 30. Rg7 Kd8 31. Nd4 Re8 32. Re1 Qc3 33. Qxc3 Rxc3 34. Rh7 Rc5 35. c4 b5 36. Rc1 bxc4 37. bxc4 e5 38. dxe6 Bxe6 39. Nxe6+ Rxe6 40. Ra7 Re7 41. Ra8+ 1/2-1/2

[Event "BIH-chT Premier League 2019"]
[Site "Tuzla"]
[Date "2019.06.15"]
[Round "8.9"]
[White "Jakovljevic, Vlado"]
[Black "Kadric, Denis"]
[Result "0-1"]
[ECO "A41"]
[WhiteElo "2360"]
[BlackElo "2550"]
[Annotator "ChessBase"]
[PlyCount "84"]
[EventDate "2019.06.08"]
[EventType "team-tourn"]
[EventCountry "BIH"]
[SourceTitle "playchess.com"]
[Source "ChessBase"]
[SourceQuality "1"]
[TimeControl "40/5400+30:900+30"]

1. Nf3 g6 2. d4 Bg7 3. c4 d6 4. Nc3 Bg4 5. e3 Nc6 6. Be2 e5 7. d5 Nce7 8. e4 c5 9. O-O Nf6 10. Ne1 Bxe2 11. Qxe2 O-O 12. Nd3 Nd7 13. f4 exf4 14. Bxf4 Nb6 15. Rac1 Nxc4 16. Nxc5 Ne5 17. Nd3 Nc8 18. Nxe5 dxe5 19. Be3 Nd6 20. Bc5 Bh6 21. Rc2 a6 22. Kh1 Rc8 23. Bg1 b5 24. Qd3 b4 25. Na4 Rxc2 26. Qxc2 Qh4 27. Nc5 f5 28. exf5 Nxf5 29. Ne4 Be3 30. Qd3 Kg7 31. g3 Qh3 32. Qe2 Nd4 33. Qxe3 Qxf1 34. Nc5 Nf3 35. Ne6+ Kg8 36. Nxf8 Nxg1 37. Qxg1 Qf3+ 38. Qg2 Qd1+ 39. Qg1 Qxd5+ 40. Qg2 Qd1+ 41. Qg1 Qxg1+ 42. Kxg1 Kxf8 0-1

[Event "BIH-chT Premier League 2019"]
[Site "Tuzla"]
[Date "2019.06.15"]
[Round "8.10"]
[White "Stojanovic, Dalibor"]
[Black "Vlatkovic, Milos"]
[Result "1/2-1/2"]
[ECO "C24"]
[WhiteElo "2507"]
[BlackElo "2312"]
[Annotator "ChessBase"]
[PlyCount "63"]
[EventDate "2019.06.08"]
[EventType "team-tourn"]
[EventCountry "BIH"]
[SourceTitle "playchess.com"]
[Source "ChessBase"]
[SourceQuality "1"]
[TimeControl "40/5400+30:900+30"]

1. e4 e5 2. Bc4 Nf6 3. d3 c6 4. Nf3 d5 5. Bb3 Bb4+ 6. Bd2 Bxd2+ 7. Nbxd2 a5 8. a4 Bg4 9. h3 Bxf3 10. Qxf3 O-O 11. O-O dxe4 12. Nxe4 Nxe4 13. Qxe4 Nd7 14. Qe3 Re8 15. Rae1 Nf6 16. Re2 e4 17. d4 Nd5 18. Qg3 Qb6 19. c4 Nf6 20. Qc3 Rad8 21. Rd1 Rd7 22. Bc2 Red8 23. Red2 h6 24. b3 Kf8 25. Qe3 Re8 26. Qc3 Red8 27. Qe3 Re8 28. Kh1 Kg8 29. g4 Red8 30. Kg2 Kh8 31. Kh1 Kg8 32. Kg2 1/2-1/2

[Event "BIH-chT Premier League 2019"]
[Site "Tuzla"]
[Date "2019.06.16"]
[Round "9.6"]
[White "Zirojevic, Sasa"]
[Black "Maksimovic, Bojan"]
[Result "0-1"]
[ECO "B22"]
[WhiteElo "1941"]
[BlackElo "2295"]
[Annotator "RC"]
[PlyCount "58"]
[EventDate "2019.06.08"]
[EventType "team-tourn"]
[EventCountry "BIH"]
[SourceTitle "playchess.com"]
[Source "ChessBase"]
[SourceQuality "1"]
[TimeControl "40/5400+30:900+30"]

1. e4 c5 2. c3 d5 3. exd5 Qxd5 4. d4 Nf6 5. Nf3 e6 6. Be2 Nc6 7. O-O cxd4 8. cxd4 Be7 9. Nc3 Qd8 10. Be3 O-O 11. Rc1 Nb4 12. Qd2 Nbd5 13. Ne5 Bd7 14. Bf3 Nxe3 15. fxe3 Rb8 16. a3 Bd6 17. Nc4 Bc7 18. e4 b5 19. e5 bxc4 20. exf6 Qxf6 21. Ne4 Qf4 22. Qc2 Qxh2+ 23. Kf2 Bb6 24. Rh1 Bxd4+ 25. Ke2 Qxh1 26. Rxh1 Rxb2 27. Qxb2 Bxb2 28. Nd2 Rc8 29. Be4 f5 0-1